Map: Eternal Empire LE

Players

Arctur

  • Race: Terran Terran
  • Spawn Location: 7:00

GOStephano (Stephano) - Winner!

  • Race: Zerg Zerg
  • League: Grandmaster
  • Spawn Location: 1:00

Event: DreamHack SC2 Masters 2020 Fall

VOD

Have the link to the VOD?

Description

Time

  • Played on: Sept. 2, 2020, 3:22 p.m.
  • Length: 18:09

All games in this series

Show
View Real Time Build Order
Export as new Build Order

Arctur Terran 

Build Orders:  

Get SALT Encoding   

  12  0:00  SCV  
  13  0:12  SCV  
  14  0:17  Supply Depot  
  14  0:24  SCV  
  15  0:40  Barracks  
  15  0:51  Barracks  
  15  0:54  SCV  
  16  1:01  Refinery  
  16  1:06  SCV  
  17  1:18  SCV  
  18  1:27  Marine  
  18  1:31  Orbital Command  
  19  1:36  Supply Depot  
  19  1:38  Marine  
  20  1:45  Marine  
  21  1:56  Marine  
  22  2:04  Marine  
  21  2:09  SCV  
  21  2:14  Marine, Factory  
  22  2:22  Marine  
  20  2:30  SCV  
  22  2:42  SCV  
  20  2:54  SCV, Command Center  
  20  2:58  Hellion  
  23  3:04  Starport  
  23  3:07  SCV  
  24  3:15  Supply Depot  
  24  3:19  SCV  
  25  3:25  Refinery  
  25  3:26  Factory Reactor  
  25  3:31  SCV  
  26  3:43  SCV  
  27  3:49  Viking  
  27  3:55  SCV  
  30  4:02  Hellion x2  
  34  4:06  Orbital Command  
  34  4:07  SCV  
  35  4:11  Marine x2  
  37  4:19  SCV, Medivac  
  37  4:24  Hellion x2  
  44  4:28  Orbital Command  
  44  4:32  SCV  
  44  4:35  Armory  
  45  4:45  SCV  
  46  4:46  Hellion x2  
  52  4:55  SCV  
  52  4:58  SCV  
  54  5:01  Starport Tech Lab  
  54  5:02  Supply Depot  
  52  5:07  SCV  
  52  5:10  SCV  
  54  5:23  Command Center  
  54  5:24  Supply Depot  
  54  5:27  Barracks Reactor  
  54  5:30  SCV x2  
  54  5:34  Factory Tech Lab  
  56  5:37  Starport Reactor  
  56  5:46  SCV x2  
  56  5:47  Engineering Bay  
  56  5:48  Stimpack  
  58  5:50  Engineering Bay  
  58  5:54  Barracks  
  58  5:57  Marine  
  58  5:58  SCV  
  58  6:02  SCV  
  61  6:06  Marine x2  
  61  6:07  Siege Tank  
  61  6:10  SCV  
  67  6:14  SCV, Marine  
  67  6:21  Terran Infantry Armor Level 1  
  67  6:22  SCV  
  67  6:24  Marine x2  
  70  6:27  SCV  
  70  6:32  Marine  
  63  6:33  Terran Infantry Weapons Level 1  
  63  6:35  Refinery  
  63  6:36  Refinery  
  63  6:38  Orbital Command  
  62  6:42  SCV x2, Marine  
  65  6:52  Marine x4  
  65  6:53  Siege Tank  
  72  6:54  SCV x2  
  74  7:05  Barracks  
  74  7:06  SCV, Barracks  
  75  7:08  Orbital Command  
  75  7:10  SCV  
  75  7:15  Medivac x2, Marine x2  
  80  7:16  Marine x3  
  83  7:24  SCV x2  
  83  7:27  Supply Depot  
  83  7:28  Supply Depot  
  83  7:29  Combat Shield  
  85  7:48  SCV x2, Marine x3, Siege Tank  
  85  7:49  SCV, Marine x2  
  85  7:50  Supply Depot  
  96  7:57  Barracks Reactor x2  
  93  8:00  SCV  
  93  8:04  SCV  
  93  8:06  Marine x3  
  93  8:07  Marine x2  
  93  8:08  SCV  
  95  8:13  Supply Depot  
  95  8:16  Supply Depot  
  95  8:18  Terran Infantry Armor Level 2, Refinery  
  95  8:23  SCV x3  
  95  8:24  Marine x3  
  101  8:30  Terran Infantry Weapons Level 2  
  101  8:31  Marine  
  101  8:32  Marine  
  102  8:34  Marine x2  
  102  8:40  Marine x2  
  105  8:41  Marine x3  
  108  8:48  SCV  
  108  8:49  SCV, Marine x2  
  108  8:50  Siege Tank  
  108  8:52  Marine x2  
  117  8:56  Factory  
  117  8:58  Marine x2  
  109  9:03  Marine x3  
  109  9:07  Supply Depot, Marine x2  
  109  9:08  Supply Depot  
  114  9:10  Marine x2  
  114  9:11  Supply Depot  
  114  9:16  Marine x2  
  113  9:21  Terran Vehicle Weapons Level 1, Marine x3  
  113  9:22  Siege Tank  
  119  9:25  Marine x2  
  119  9:28  Marine  
  122  9:34  Marine x2  
  122  9:35  Command Center  
  122  9:36  Marine  
  125  9:39  Marine x3  
  125  9:41  Factory Tech Lab  
  125  9:42  Missile Turret  
  111  9:53  Marine x4  
  111  9:55  Siege Tank  
  111  9:56  Marine x3  
  111  9:57  Marauder, Marine  
  111  9:59  Medivac x2  
  126  10:14  Marine x5, Siege Tank  
  126  10:15  Marine x3  
  126  10:18  Marine  
  138  10:25  Barracks  
  138  10:26  Barracks  
  138  10:27  Barracks  
  138  10:29  Medivac x2  
  138  10:30  Siege Tank  
  138  10:33  Marine x3  
  148  10:47  Marauder  
  141  10:50  Marine x2  
  134  11:08  Marine x6  
  134  11:09  Siege Tank x2  
  134  11:10  Terran Infantry Weapons Level 3, Terran Infantry Armor Level 3  
  139  11:17  Marine x3  
  142  11:19  Barracks Tech Lab x3  
  142  11:25  SCV  
  143  11:26  SCV x2, Marine  
  138  11:36  Marauder, Marine x4  
  138  11:38  Marine  
  114  11:40  Marine  
  114  11:41  Marauder, Siege Tank x2  
  114  11:45  SCV x2  
  118  11:47  Planetary Fortress  
  118  11:49  SCV  
  118  11:53  Marine  
  119  11:57  SCV x2  
  112  12:03  Marauder, Marine x7  
  121  12:16  Siege Tank x2  
  121  12:21  Marauder, Marine x2  
  121  12:22  Command Center  
  131  12:24  Drilling Claws  
  131  12:37  Marauder, Marine x6  
  126  12:43  Supply Depot, Marine x2  
  136  12:44  Supply Depot, Marauder  
  136  12:45  Supply Depot  
  136  12:46  Marine  
  136  12:47  Marauder  
  139  12:54  Marine  
  140  13:00  Supply Depot, Unknown  
  140  13:04  Marine x2, Liberator  
  140  13:05  Siege Tank  
  148  13:06  Marine x3, Liberator  
  148  13:08  Supply Depot  
  154  13:15  Siege Tank  
  154  13:16  Marine x2  
  154  13:17  Marauder  
  161  13:21  Marine x3  
  156  13:27  SCV  
  156  13:30  SCV  
  156  13:31  Marine  
  156  13:32  SCV  
  156  13:33  SCV, Marine x4  
  159  13:35  Marine  
  159  13:38  Marauder, Marine x2  
  159  13:39  SCV, Marauder  
  153  13:42  SCV, Marauder  
  152  13:51  SCV  
  152  13:54  SCV  
  145  13:56  Marine  
  145  13:58  Marauder, Marine  
  147  14:18  Supply Depot  
  147  14:19  Planetary Fortress  
  147  14:20  Supply Depot  
  147  14:21  Widow Mine  
  147  14:22  Supply Depot  
  149  14:25  SCV x3  
  152  14:37  SCV x2  
  155  14:46  Widow Mine x3  
  155  14:49  Medivac x2  
  162  14:54  SCV x3  
  162  14:58  SCV  
  166  15:01  Ghost Academy  
  166  15:02  Terran Vehicle Weapons Level 2  
  166  15:06  SCV  
  167  15:07  SCV x2  
  167  15:10  Marauder, Marine x2  
  167  15:13  Widow Mine x2  
  177  15:19  Reaper, Marauder  
  180  15:25  Widow Mine  
  182  15:34  Widow Mine  
  184  15:38  Widow Mine  
  186  15:43  Refinery  
  186  15:44  SCV x2  
  186  15:45  Command Center  
  186  15:47  Command Center  
  188  15:57  SCV  
  188  15:59  SCV x2  
  188  16:02  Widow Mine, Liberator  
  186  16:04  Marauder  
  188  16:11  Personal Cloaking  
  188  16:15  Ghost x2  
  188  16:16  Marine, Liberator  
  196  16:21  Ghost  
  196  16:22  Marine x2  
  196  16:29  Missile Turret  
  196  16:30  Ghost, Marine  
  196  16:32  Missile Turret  
  193  16:33  Siege Tank  
  193  16:37  Marine x2  
  193  16:38  Marauder  
  193  16:39  Marine  
  159  16:40  Marine  
  159  16:45  Marauder  
  152  16:48  Marauder, Marine x2  
  152  16:50  Liberator  
  152  16:52  Marauder  
  161  17:11  Marine x4  
  161  17:12  Marauder  
  167  17:22  Marine x2  
  145  17:23  Marauder  
  145  17:25  Marauder, Marine x2  
  139  17:33  Marauder  
  124  17:40  Marine x4  
  124  17:43  Marauder  
  115  17:46  Marauder, Marine  
Show
View Real Time Build Order
Export as new Build Order

GOStephano Zerg - Winner!

Build Orders: Hatch First 

Get SALT Encoding   

  12  0:00  Drone  
  13  0:12  Overlord  
  13  0:16  Drone  
  14  0:30  Drone x2  
  16  0:48  Hatchery  
  15  0:50  Drone  
  15  0:54  Drone  
  17  0:57  Drone  
  18  1:09  Extractor  
  17  1:13  Spawning Pool  
  17  1:16  Drone  
  17  1:20  Drone  
  18  1:28  Drone  
  19  1:42  Drone  
  18  2:07  Zergling x6, Queen  
  20  2:13  Zergling x2  
  20  2:14  Zergling x2  
  22  2:27  Drone x2  
  22  2:33  Drone  
  23  2:42  Drone  
  24  2:52  Overlord  
  24  2:58  Drone x2  
  24  3:03  Drone  
  27  3:08  Drone  
  28  3:16  Queen  
  28  3:19  Drone  
  31  3:20  Drone  
  31  3:24  Drone  
  31  3:26  Drone  
  34  3:29  Drone  
  34  3:33  Drone  
  35  3:43  Overlord  
  35  3:52  Hatchery  
  34  3:57  Overlord  
  34  4:01  Drone  
  35  4:03  Drone x2  
  35  4:06  Metabolic Boost  
  37  4:11  Drone  
  37  4:16  Queen  
  40  4:20  Drone x2  
  42  4:28  Queen  
  42  4:29  Drone x2  
  46  4:36  Overlord  
  46  4:45  Overlord  
  46  4:53  Queen  
  46  4:55  Drone x3  
  46  4:56  Evolution Chamber x2  
  46  4:57  Drone x2  
  51  5:01  Overlord  
  51  5:10  Queen  
  51  5:12  Drone x3  
  51  5:13  Zergling x2  
  57  5:15  Zergling x2  
  57  5:18  Spore Crawler, Drone  
  57  5:21  Drone  
  59  5:27  Zerg Ground Armor Level 1  
  59  5:28  Zerg Melee Weapons Level 1  
  59  5:34  Zergling x8  
  60  5:46  Zergling x2  
  60  5:47  Zergling x12  
  65  5:52  Overlord  
  65  5:56  Overlord  
  64  5:59  Drone x4  
  68  6:10  Overlord  
  68  6:11  Queen  
  68  6:13  Zergling x4  
  72  6:18  Overlord  
  72  6:20  Drone x4  
  75  6:30  Drone x6  
  78  6:36  Lair  
  78  6:38  Baneling Nest  
  76  6:40  Drone  
  76  6:43  Drone x2  
  78  6:47  Drone  
  78  6:48  Extractor x2  
  78  6:52  Drone x2  
  78  6:53  Drone x2  
  78  6:54  Extractor x2  
  80  6:59  Drone  
  80  7:08  Hatchery, Drone x2  
  81  7:20  Drone x4  
  85  7:26  Overlord  
  85  7:28  Overlord  
  84  7:34  Drone x3  
  84  7:35  Drone x2  
  89  7:38  Centrifical Hooks  
  89  7:39  Zerg Ground Armor Level 2  
  89  7:47  Zergling x16  
  89  7:49  Zerg Melee Weapons Level 2  
  97  7:59  Zergling x6  
  97  8:02  Queen x2  
  101  8:09  Zergling x14  
  101  8:11  Baneling x12  
  102  8:14  Zergling x4  
  102  8:17  Zergling x8  
  108  8:26  Zergling x6  
  111  8:32  Zergling x10  
  116  8:35  Hatchery  
  116  8:38  Zergling x2  
  116  8:39  Zergling x6  
  115  8:47  Zergling x8  
  112  8:59  Zergling x14  
  107  9:03  Zergling x2  
  107  9:04  Zergling x6  
  107  9:07  Infestation Pit, Extractor, Baneling x15  
  108  9:16  Drone x7  
  113  9:27  Drone x5  
  113  9:28  Overlord  
  113  9:30  Baneling  
  113  9:31  Baneling x9  
  118  9:38  Zergling x6  
  118  9:40  Baneling x7  
  120  9:50  Zergling x26  
  120  9:51  Zergling x2  
  122  9:56  Hive  
  122  9:58  Drone x2  
  122  9:59  Drone  
  124  10:00  Zergling x2  
  124  10:01  Zergling x2  
  126  10:12  Zergling x20  
  133  10:18  Overlord x3  
  133  10:30  Zergling x2  
  133  10:31  Overlord  
  131  10:37  Zergling x2  
  131  10:38  Zergling x26  
  137  10:52  Hatchery  
  137  10:54  Zergling x18  
  135  11:06  Zergling x2  
  135  11:07  Zergling x20  
  135  11:10  Zerg Ground Armor Level 3, Ultralisk Cavern  
  144  11:11  Zerg Melee Weapons Level 3  
  144  11:14  Baneling x6  
  144  11:17  Zergling x4  
  146  11:21  Baneling x4  
  146  11:22  Zergling x6  
  141  11:35  Zergling x12  
  141  11:36  Zergling x12  
  130  11:47  Drone x8  
  130  11:51  Spire  
  121  12:02  Chitinous Plating  
  121  12:04  Drone  
  121  12:05  Drone x4  
  121  12:07  Unknown  
  121  12:08  Baneling x6  
  117  12:13  Ultralisk x2  
  128  12:26  Overlord  
  128  12:27  Overlord, Pneumatized Carapace  
  128  12:29  Zergling x16  
  136  12:30  Hatchery  
  134  12:41  Ultralisk x2  
  146  12:47  Baneling x8  
  146  12:49  Ultralisk  
  152  13:00  Zergling x22  
  152  13:01  Zergling x2  
  164  13:12  Ultralisk  
  170  13:13  Zerg Flyer Weapons Level 1  
  168  13:21  Anabolic Synthesis  
  165  13:29  Ultralisk x3  
  176  13:38  Zergling x20  
  180  13:45  Zergling x10  
  173  13:51  Baneling Nest  
  173  13:54  Zergling x10  
  175  14:00  Lair  
  174  14:06  Corruptor x4  
  182  14:21  Overlord x2  
  182  14:29  Hatchery  
  181  14:38  Overlord x2  
  179  14:50  Corruptor x3  
  179  14:51  Corruptor x7  
  196  14:57  Hatchery  
  195  15:07  Drone x4  
  198  15:19  Drone x2  
  200  15:26  Baneling x3  
  200  15:27  Baneling x14  
  200  15:29  Zerg Flyer Armor Level 1  
  200  15:31  Hive  
  200  15:44  Overseer  
  200  15:45  Overseer x2  
  199  15:50  Hatchery  
  181  16:09  Zergling x38  
  200  16:16  Overlord  
  192  16:34  Ultralisk  
  192  16:35  Ultralisk  
  192  16:38  Ultralisk x2  
  184  16:41  Zergling x36  
  184  16:42  Zergling x8  
  185  16:47  Ultralisk  
  185  16:50  Drone x3  
  185  16:51  Drone x2  
  185  16:52  Drone  
  185  16:53  Unknown  
  185  16:54  Drone x3  
  198  16:59  Baneling x9  
  198  17:00  Hatchery  
  198  17:01  Zergling x4  
  200  17:10  Overseer x2  
  200  17:13  Zergling x4  
  186  17:27  Zergling x10  
  186  17:28  Zergling x30  

Tags
 
Add a new tag
Caveats
  • Supply blocks, unpowered buildings, or Contaminate may cause inaccurate times.
  • Supply counts are checked every 10 seconds.